 Dungeon Crawl Stone Soup version 0.29.1 (webtiles) character file.

Game seed: 15892706154838938911

84720 qw the Severer (level 15, -6/96 HPs)
             Began as a Gargoyle Fighter on Sept 13, 2022.
             Was the Champion of Okawaru.
             Mangled by a death knight
             ... wielding a +2 battleaxe of freezing
              (21 damage)
             ... on level 14 of the Dungeon.
             The game lasted 00:09:08 (20897 turns).

qw the Severer (Gargoyle Fighter)                  Turns: 20897, Time: 00:09:09

Health: -6/96      AC: 41    Str: 25    XL:     15   Next: 81%
Magic:  20/24      EV: 10    Int: 11    God:    Okawaru [******]
Gold:   142        SH: 19    Dex: 12    Spells: 14/14 levels left

rFire   + . .      SeeInvis .   n - +3 broad axe (spect)
rCold   . . .      Faith    .   o - +0 kite shield
rNeg    + . .      Spirit   .   C - +3 plate armour {rF+}
rPois   inf        Reflect  +   D - +2 hat
rElec   +          Harm     .   (no cloak)
rCorr   .          Rampage  .   j - +0 pair of fencer's gloves {Riposte Dex+3}
Will    +....                   y - +1 pair of boots
Stlth   ..........              c - amulet of reflection
HPRegen 0.26/turn               h - +4 ring of slaying {mikee}
MPRegen 0.19/turn               A - +4 ring of protection

@: about to teleport, heroic, finesse-ful, flying
A: sickness immunity, AC +11, big wings, negative energy resistance 1,
electricity resistance, torment resistance 1, petrification resistance, high MP
1, MP-powered wands
a: Renounce Religion, Heroism, Finesse, Duel


You were on level 14 of the Dungeon.
You worshipped Okawaru.
Okawaru was exalted by your worship.
You visited 2 branches of the dungeon, and saw 19 of its levels.
You visited the Abyss 1 time.
You also visited: Ossuary.

You collected 1357 gold pieces.
You spent 1215 gold pieces at shops.


Innate Abilities, Weirdness & Mutations

You are immune to sickness and miasma.
Your stone body is resilient. (AC +11)
You are immune to poison.
Your large and strong wings let you fly.
You resist negative energy. (rN+)
You are resistant to electric shocks. (rElec)
You are resistant to unholy torment.
You are immune to petrification.
You have an increased reservoir of magic. (+10% MP)
You expend magic power (3 MP) to strengthen your wands.


   Skills:
 - Level 12.0(17.0) Fighting
 - Level 16.2(21.2) Axes
 + Level 6.1(11.1) Throwing
 - Level 11.0(16.0) Armour
 - Level 3.0(8.0) Dodging
 - Level 13.0(18.0) Shields
 - Level 10.1 Invocations


You had 14 spell levels left.
You didn't know any spells.
Your spell library was empty.

Inventory:

Hand Weapons
 k - a -2 demon whip of venom
 n - a +3 spectral broad axe (weapon)
Missiles
 u - 4 silver javelins (quivered)
 B - a boomerang
 F - 2 javelins
Armour
 j - the +0 pair of fencer's gloves (worn) {Riposte Dex+3}
   (You found it on level 3 of the Dungeon)

   It allows the wearer to riposte with melee weapons, swiftly retaliating
   against missed or blocked melee attacks.
   Dex:       It affects your dexterity (+3).
 o - a +0 kite shield (worn)
 v - +0 acid dragon scales
 x - the +1 chain mail of Caoraimo {-Cast rC+++ rN++ MP-9}
   (You found it on level 5 of the Lair of Beasts)

   rC:        It renders you almost immune to cold.
   rN:        It greatly protects you from negative energy.
   MP:        It affects your magic capacity (-9).
   -Cast:     It prevents spellcasting.
 y - a +1 pair of boots (worn)
 C - a +3 plate armour of fire resistance (worn)
 D - a +2 hat (worn)
Jewellery
 c - an amulet of reflection (around neck)
 h - a +4 ring of slaying (left hand) {mikee}
 q - a ring of ice
 A - a +4 ring of protection (right hand)
 E - a ring of fire
Wands
 w - a wand of digging (1)
Scrolls
 f - a scroll of blinking
 i - 8 scrolls of identify
 s - a scroll of brand weapon
 t - 3 scrolls of teleportation
Potions
 b - a potion of resistance
 d - 5 potions of might
 e - 4 potions of cancellation
 g - 3 potions of magic
 l - 4 potions of haste
 m - 8 potions of lignification
 p - a potion of mutation
 r - 2 potions of heal wounds
 z - 4 potions of attraction

Dungeon Overview and Level Annotations

Branches:
Dungeon (14/15)            Temple (0/1) D:6            Lair (5/5) D:8
  Swamp (0/4) Lair:2        Snake (0/4) Lair:3        Slime (0/5) Lair:4
    Orc (0/2) D:11         Vaults (0/5) D:13        Ossuary (visited)

Altars:
Ashenzari
Elyvilon
Okawaru
Qazlal
Ru
Uskayaw
Vehumet

Shops:
D:3 (   D:6 **   D:8 [*!![   D:9 :   D:13 [:=

Annotations:
D:1 2 transporters


Message History

You completely miss the fire giant.
The fire giant is almost dead.
The forest fire spreads!
You hit the fire giant but do no damage.
The fire giant is almost dead.
The fire giant points at you and mumbles some strange words.
The fireball explodes!
The fireball engulfs you!! You resist.
The tree burns like a torch!
The fireball engulfs the fire giant!
The fire giant resists.
You slash the fire giant!
You kill the fire giant!
Okawaru accepts your kill.
You are engulfed in blazing flames.
You resist.
The forest fire spreads!
Your base Throwing skill increases to level 6!
You're standing in a cloud of flame!
20895 ||| READING scroll labelled WAR MADIXZIN.
As you read the scroll labelled WAR MADIXZIN, it crumbles to dust.
Wisps of shadow whirl around you...
The shadows disperse without effect.
It was a scroll of summoning.
You are engulfed in blazing flames.
You resist.
You slice the death knight!!
The death knight is moderately wounded.
Your +3 spectral broad axe hits the death knight!!
Your +3 spectral broad axe suffers a backlash!
Your spectral weapon shares its damage with you!
The death knight reflects your damage back at you!
You are engulfed in blazing flames.
You resist.
The death knight is engulfed in blazing flames.
The death knight hits you but does no damage.
The death knight hits your +3 spectral broad axe with a +2 battleaxe of freezing!
Your spectral weapon shares its damage with you!
Your +3 spectral broad axe fades away.
The forest fire spreads! x2
20897 ||| READING 4 scrolls of teleportation.
As you read the scroll of teleportation, it crumbles to dust.
You feel strangely unstable.
You are engulfed in blazing flames.
You resist.
The death knight is engulfed in blazing flames.
The death knight hits you with a +2 battleaxe of freezing!!
You die...

..#~~~P~#7..77
77..#7...7#..
....~.~....%77 ..
77..........
..#7~777#77..77##.7
..77#7...7#..
..#77~P7
77..77¤¤77..7
7...7#.. ..# 7P~7#
77..7.¤7..7
7...7#.. ..# 777~#
77.¤¤¤0.7 7...7#..
..#77P~7#


77¤¤¤%7 77.77#.. ..#~~~P7 7¤¤¤77 7.7 #.. ..#77.77 7¤@¤7 7.7 #.. ### ##p##
#######.. ul. #...>.... .S#.. #........ 77# #77 #........ #........ #........
#######........ ............... You could see a death knight (reflects damage),
a cyan ugly thing, a komodo dragon and a black mamba.

Vanquished Creatures
  Rupert (D:12)
  Jorgrun (D:13)
  A tentacled starspawn (Abyss:1)
  A fire giant (D:14)
  A daeva (Abyss:1)
  7 hydras
  Fannar (D:10)
  2 catoblepae
  A rakshasa (Abyss:1)
  6 boulder beetles
  Harold (D:10)
  A two-headed ogre (D:9)
  4 vault guards (D:13)
  5 centaur warriors
  8 death yaks
  Nergalle (D:11)
  A tengu warrior (D:13)
  A soul eater (D:13)
  Sonja (D:11)
  Amaemon (Lair:3)
  Pikel (D:7)
  9 ugly things (D:14)
  3 deep elf pyromancers
  A mana viper (Abyss:1)
  3 cyclopes
  A worldbinder (Abyss:1)
  5 manticores
  A rust devil (D:13)
  11 elephants
  9 black mambas
  2 orange demons
  An apocalypse crab (Abyss:1)
  4 large abominations (Abyss:1)
  12 cane toads
  2 gargoyles
  7 komodo dragons
  An ice devil (D:13)
  A freezing wraith (D:14)
  A rime drake (shapeshifter) (D:14)
  2 ancient zymes
  A hellwing (D:13)
  2 red devils (D:13)
  A tarantella (shapeshifter) (D:14)
  6 trolls
  6 polar bears
  8 blink frogs
  A tyrant leech (Lair:2)
  5 hornets (Lair:5)
  2 slime creatures (D:13)
  6 flying skulls (Abyss:1)
  4 wyverns
  10 spriggans (Lair:5)
  7 wraiths
  35 yaks
  A ynoxinul (Abyss:1)
  Grum (D:10)
  4 golden eyes (Abyss:1)
  4 basilisks
  A steam dragon (D:9)
  5 vampire mosquitoes (D:13)
  2 neqoxecs
  3 chaos spawn (D:13)
  2 acid dragons
  24 water moccasins
  Duvessa (D:7)
  10 orc warriors
  6 black bears
  2 ice beasts
  An ogre (D:5)
  5 boggarts (Lair:5)
  24 wolves
  13 centaurs
  2 kobold brigands
  3 gnoll sergeants
  10 bullfrogs
  3 scorpions
  A necrophage (D:7)
  11 wights
  6 small abominations (Abyss:1)
  Dowan (D:7)
  22 killer bees
  5 howler monkeys
  6 electric eels
  An iron imp (Abyss:1)
  5 orc priests
  A hound (D:6)
  5 jellies
  5 iguanas
  8 orc wizards
  5 hell rats (Lair:2)
  14 gnolls
  9 adders
  4 white imps
  2 ufetubi
  2 adder zombies (Ossuary)
  3 worms
  2 dart slugs
  47 orcs
  12 endoplasms
  5 giant cockroaches
  4 goblins
  4 hobgoblins
  3 jackals
  2 quokkas
  5 ball pythons
  3 ball python skeletons (Ossuary)
  4 bats
  9 frilled lizards
  2 hobgoblin skeletons (Ossuary)
  2 hobgoblin zombies (Ossuary)
  12 kobolds
  A kobold zombie (Ossuary)
  8 rats
  A butterfly (Lair:2)
586 creatures vanquished.

Vanquished Creatures (others)
  A harpy simulacrum (Abyss:1)
  A centaur (D:13)
  3 demonic plants (D:13)
  13 fungi
  23 plants
  2 starspawn tentacles (Abyss:1)
43 creatures vanquished.

Grand Total: 629 creatures vanquished

Notes
Turn   | Place    | Note
-------+----------+-------------------------------------------
     0 | D:1      | qw the Gargoyle Fighter began the quest for the Orb.
     0 | D:1      | Reached XP level 1. HP: 14/14 MP: 1/1
     0 | D:1      | 0 ||| qw: Version: 0.1-a-119-g272c26d
     0 | D:1      | 0 ||| qw: Game counter: 11288
     0 | D:1      | 0 ||| qw: Always use a shield: true
     0 | D:1      | 0 ||| qw: God list: Okawaru
     0 | D:1      | 0 ||| qw: Allow faded altars: false
     0 | D:1      | 0 ||| qw: Do Orc after D:15 true
     0 | D:1      | 0 ||| qw: Do second Lair branch before Depths: true
     0 | D:1      | 0 ||| qw: Lair rune preference: random
     0 | D:1      | 0 ||| qw: Plans: Normal, Zot, God:TSO, Crypt, Tomb, Pan,
                  | Slime, Hells, Zig, Abyss, Orb
     0 | D:1      | 0 ||| PLANNING D:1-11
    12 | D:1      | 12 ||| Stepping ~*~*~tactically~*~*~ (stealth).
    13 | D:1      | 13 ||| Stepping ~*~*~tactically~*~*~ (stealth).
    15 | D:1      | 15 ||| Stepping ~*~*~tactically~*~*~ (stealth).
    26 | D:1      | Reached skill level 2 in Axes
   263 | D:1      | Reached XP level 2. HP: 19/19 MP: 2/2
   946 | D:1      | 946 ||| READING scroll labelled POTETSIVUD.
   947 | D:1      | 947 ||| READING scroll labelled ROUZAR WYEFERO.
   948 | D:1      | 948 ||| READING scroll labelled LIKODEETHAPP.
  1121 | D:2      | Reached skill level 3 in Axes
  1192 | D:2      | You fall into a shaft and drop 1 floor!
  1197 | D:3      | 1197 ||| PLANNING SEWER
  1205 | D:3      | Reached XP level 3. HP: 23/23 MP: 3/3
  1222 | D:3      | Found the +0 pair of fencer's gloves {Riposte Dex+3}
  1238 | D:3      | 1238 ||| DROPPING +0 hand axe of electrocution.
  1248 | D:3      | 1248 ||| Stepping ~*~*~tactically~*~*~ (stealth).
  1351 | D:3      | Reached skill level 1 in Throwing
  1413 | D:3      | 1413 ||| Stepping ~*~*~tactically~*~*~ (hiding).
  1425 | D:3      | Reached XP level 4. HP: 22/28 MP: 4/4
  1438 | D:3      | HP: 6/28 [orc wizard/+0 dagger (2)]
  1442 | D:3      | Reached skill level 4 in Axes
  1687 | D:3      | Found Ozxys's Antique Weapon Boutique.
  1695 | D:3      | 1695 ||| BUYING flail (101 gold).
  1695 | D:3      | Bought a flail for 101 gold pieces
  1695 | D:3      | 1695 ||| DROPPING +0 whip.
  1839 | D:3      | Reached XP level 5. HP: 32/32 MP: 5/5
  1897 | D:3      | 1897 ||| RIP SEWER
  1956 | D:3      | 1956 ||| PLANNING D:1-11
  1956 | D:3      | 1956 ||| UPGRADING to +0 pair of fencer's gloves {Riposte
                  | Dex+3}.
  1961 | D:3      | 1961 ||| UPGRADING to +4 ring of slaying {mikee}.
  1962 | D:3      | 1962 ||| READING scroll labelled VASHRO RADAMP.
  1966 | D:3      | 1966 ||| READING scroll labelled PAQAOJE NUASHU.
  2162 | D:2      | 2162 ||| Stepping ~*~*~tactically~*~*~ (hiding).
  2640 | D:2      | 2640 ||| READING 2 scrolls labelled FEIQAN BUB SEM.
  2641 | D:2      | 2641 ||| READING scroll labelled IRUROYRE HEYPP.
  2642 | D:2      | 2642 ||| READING 2 scrolls of identify.
  2642 | D:2      | 2642 ||| IDENTIFYING fuming yellow potion
  2643 | D:2      | 2643 ||| DROPPING potion of degeneration.
  2644 | D:2      | 2644 ||| DROPPING scroll of immolation.
  2706 | D:3      | 2706 ||| READING scroll labelled MUSHRIDDIGH.
  2707 | D:3      | 2707 ||| Stepping randomly (stuck).
  2708 | D:3      | 2708 ||| Stepping randomly (stuck).
  2709 | D:3      | 2709 ||| Stepping randomly (stuck).
  2710 | D:3      | 2710 ||| Stepping randomly (stuck).
  2712 | D:3      | 2712 ||| Stepping randomly (stuck).
  2713 | D:3      | 2713 ||| Stepping randomly (stuck).
  2794 | D:3      | Reached skill level 1 in Dodging
  2803 | D:3      | 2803 ||| UPGRADING to amulet of the acrobat.
  2837 | D:4      | 2837 ||| STAIRDANCE
  2926 | D:4      | 2926 ||| Stepping ~*~*~tactically~*~*~ (hiding).
  2939 | D:4      | Reached skill level 5 in Axes
  3085 | D:4      | Found an iron altar of Okawaru.
  3137 | D:4      | 3137 ||| Stepping ~*~*~tactically~*~*~ (stealth).
  3139 | D:4      | Reached XP level 6. HP: 37/37 MP: 6/6
  3139 | D:4      | 3139 ||| Stepping ~*~*~tactically~*~*~ (stealth).
  3220 | D:4      | 3220 ||| Stepping ~*~*~tactically~*~*~ (stealth).
  3221 | D:4      | 3221 ||| Stepping ~*~*~tactically~*~*~ (stealth).
  3615 | D:4      | 3615 ||| UPGRADING to +0 plate armour.
  3625 | D:4      | 3625 ||| DROPPING +0 scale mail.
  3626 | D:4      | 3626 ||| READING scroll labelled QYRUATE BYSOXKY.
  3627 | D:4      | 3627 ||| DRINKING 2 grey potions.
  3628 | D:4      | 3628 ||| DRINKING 2 lumpy silvery potions.
  3628 | D:4      | Gained mutation: You have an increased reservoir of magic.
                  | (+10% MP) [potion of mutation]
  3628 | D:4      | Gained mutation: You expend magic power (3 MP) to
                  | strengthen your wands. [potion of mutation]
  3629 | D:4      | 3629 ||| READING 2 scrolls of identify.
  3629 | D:4      | 3629 ||| IDENTIFYING cyan potion
  3630 | D:4      | 3630 ||| DROPPING potion of brilliance.
  3656 | D:4      | Became a worshipper of Warmaster Okawaru
  3683 | D:5      | Entered Level 5 of the Dungeon
  3739 | D:5      | 3739 ||| Stepping ~*~*~tactically~*~*~ (hiding).
  3748 | D:5      | Reached skill level 6 in Axes
  3748 | D:5      | Reached XP level 7. HP: 37/43 MP: 7/7
  3836 | D:5      | 3836 ||| Stepping ~*~*~tactically~*~*~ (hiding).
  3839 | D:5      | 3839 ||| Stepping ~*~*~tactically~*~*~ (hiding).
  4057 | D:5      | Reached * piety under Okawaru
  4161 | D:5      | 4161 ||| INVOKING Heroism.
  4419 | D:5      | Reached skill level 1 in Invocations
  4855 | D:5      | 4855 ||| READING scroll labelled PUOKUE UPSYLEPT.
  4918 | D:5      | 4918 ||| READING 3 scrolls labelled KETIEJ NAMA.
  5019 | D:5      | 5019 ||| READING scroll labelled SUIGUSM SAKH.
  5020 | D:5      | 5020 ||| DRINKING 2 glowing blue potions.
  5021 | D:5      | 5021 ||| DROPPING 2 scrolls of silence.
  5148 | D:6      | 5148 ||| PLANNING OSSUARY
  5148 | D:6      | 5148 ||| INVOKING Heroism.
  5153 | D:6      | Reached XP level 8. HP: 47/48 MP: 6/10
  5242 | D:6      | Reached skill level 3 in Invocations
  5274 | D:6      | 5274 ||| Stepping ~*~*~tactically~*~*~ (hiding).
  5278 | D:6      | 5278 ||| INVOKING Heroism.
  5405 | D:6      | Reached skill level 7 in Axes
  5495 | D:6      | 5495 ||| Stepping ~*~*~tactically~*~*~ (stealth).
  5529 | D:6      | 5529 ||| INVOKING Heroism.
  5576 | D:6      | Found a sand-covered staircase.
  5577 | D:6      | 5577 ||| UPGRADING to ring of willpower.
  5578 | D:6      | 5578 ||| READING scroll labelled DOTHIG FUXZY.
  5579 | D:6      | 5579 ||| DRINKING 3 glowing white potions.
  5620 | D:6      | 5620 ||| READING 2 scrolls of identify.
  5620 | D:6      | 5620 ||| IDENTIFYING smoky brown potion
  5621 | D:6      | 5621 ||| DROPPING potion of flight.
  5626 | Ossuary  | Entered an ossuary
  5721 | Ossuary  | Noticed a wraith
  5721 | Ossuary  | Noticed a flying skull
  5728 | Ossuary  | Noticed a flying skull
  5738 | Ossuary  | Noticed a flying skull
  5764 | Ossuary  | Noticed a flying skull
  5770 | Ossuary  | 5770 ||| DROPPING +0 flail.
  5782 | Ossuary  | Noticed a wraith
  5785 | Ossuary  | Killed a wraith
  5799 | Ossuary  | Noticed a wraith
  5804 | Ossuary  | Killed a wraith
  5804 | Ossuary  | Reached ** piety under Okawaru
  5919 | Ossuary  | 5919 ||| DRINKING 2 golden potions.
  5920 | Ossuary  | 5920 ||| READING 2 scrolls of identify.
  5920 | Ossuary  | 5920 ||| IDENTIFYING black potion
  5921 | Ossuary  | 5921 ||| DROPPING potion of invisibility.
  5970 | D:6      | 5970 ||| PLANNING D:1-11
  5987 | D:6      | 5987 ||| Stepping ~*~*~tactically~*~*~ (hiding).
  5990 | D:6      | Found a staircase to the Ecumenical Temple.
  5994 | D:6      | Reached XP level 9. HP: 54/54 MP: 13/13
  6107 | D:6      | 6107 ||| INVOKING Heroism.
  6113 | D:6      | Reached skill level 8 in Axes
  6449 | D:6      | Found Viorra Pezuxt's Specific Store.
  6450 | D:6      | Found Fyax Res's General Store.
  6455 | D:6      | 6455 ||| BUYING scroll of identify (20 gold).
  6455 | D:6      | Bought a scroll of identify for 20 gold pieces
  6455 | D:6      | 6455 ||| BUYING wand of digging (1) (42 gold).
  6455 | D:6      | Bought a wand of digging (1) for 42 gold pieces
  6554 | D:6      | 6554 ||| READING scroll labelled RUUKIU ZAFIENG.
  6555 | D:6      | 6555 ||| READING 2 scrolls of identify.
  6555 | D:6      | 6555 ||| IDENTIFYING fuming red potion
  6614 | D:7      | 6614 ||| Stepping ~*~*~tactically~*~*~ (stealth).
  6615 | D:7      | 6615 ||| Stepping ~*~*~tactically~*~*~ (hiding).
  6616 | D:7      | 6616 ||| Stepping ~*~*~tactically~*~*~ (hiding).
  6619 | D:7      | 6619 ||| INVOKING Heroism.
  6625 | D:7      | Reached skill level 6 in Fighting
  6698 | D:7      | 6698 ||| Stepping ~*~*~tactically~*~*~ (stealth).
  6701 | D:7      | 6701 ||| INVOKING Heroism.
  6704 | D:7      | 6704 ||| Stepping ~*~*~tactically~*~*~ (hiding).
  6729 | D:7      | 6729 ||| INVOKING Heroism.
  6738 | D:7      | Reached skill level 9 in Axes
  6793 | D:7      | 6793 ||| Stepping ~*~*~tactically~*~*~ (stealth).
  6794 | D:7      | 6794 ||| INVOKING Heroism.
  6851 | D:7      | 6851 ||| DROPPING +0 morningstar.
  6872 | D:7      | Noticed Duvessa
  6872 | D:7      | Noticed Dowan
  6873 | D:7      | 6873 ||| INVOKING Heroism.
  6874 | D:7      | Killed Duvessa
  6876 | D:7      | Killed Dowan
  6877 | D:7      | Reached skill level 3 in Throwing
  6904 | D:7      | Found a white marble altar of Elyvilon.
  6905 | D:7      | Found a sacrificial altar of Ru.
  6906 | D:7      | Found a hide-covered altar of Uskayaw.
  6910 | D:7      | 6910 ||| INVOKING Heroism.
  6924 | D:7      | Reached *** piety under Okawaru
  6936 | D:7      | Found a broken altar of Ashenzari.
  6936 | D:7      | Found a stormy altar of Qazlal.
  6937 | D:7      | Found a radiant altar of Vehumet.
  7026 | D:7      | Noticed Pikel
  7027 | D:7      | 7027 ||| Stepping ~*~*~tactically~*~*~ (stealth).
  7029 | D:7      | 7029 ||| INVOKING Heroism.
  7030 | D:7      | 7030 ||| Stepping ~*~*~tactically~*~*~ (stealth).
  7034 | D:7      | Killed Pikel
  7035 | D:7      | Reached XP level 10. HP: 63/63 MP: 11/14
  7178 | D:7      | 7178 ||| INVOKING Heroism.
  7307 | D:7      | 7307 ||| READING 2 scrolls labelled POPIAKEIMO.
  7308 | D:7      | 7308 ||| DRINKING 2 bubbling cyan potions.
  7309 | D:7      | 7309 ||| DRINKING 3 red potions.
  7310 | D:7      | 7310 ||| DROPPING scroll of noise.
  7344 | D:8      | Found Ociki's Antique Armour Shop.
  7350 | D:8      | 7350 ||| Stepping ~*~*~tactically~*~*~ (stealth).
  7369 | D:8      | 7369 ||| SHOPLISTING fire dragon scales (1740 gold, have
                  | 209).
  7369 | D:8      | 7369 ||| SHOPLISTING glowing scarf (232 gold, have 209).
  7369 | D:8      | 7369 ||| SHOPLISTING sapphire-encrusted plate armour (812
                  | gold, have 209).
  7466 | D:8      | 7466 ||| Stepping ~*~*~tactically~*~*~ (stealth).
  7467 | D:8      | 7467 ||| Stepping ~*~*~tactically~*~*~ (stealth).
  7470 | D:8      | 7470 ||| Stepping ~*~*~tactically~*~*~ (stealth).
  7477 | D:8      | 7477 ||| INVOKING Heroism.
  7483 | D:8      | Reached **** piety under Okawaru
  7542 | D:8      | Found Vimy Poi's Antique Armour Boutique.
  7549 | D:8      | 7549 ||| SHOPLISTING encrusted swamp dragon scales (1760
                  | gold, have 238).
  7549 | D:8      | 7549 ||| BUYING pair of boots (144 gold).
  7549 | D:8      | Bought a pair of boots for 144 gold pieces
  7553 | D:8      | 7553 ||| Stepping ~*~*~tactically~*~*~ (hiding).
  7640 | D:8      | Found Cyphuix's Distillery.
  7645 | D:8      | Found a staircase to the Lair.
  7780 | D:8      | 7780 ||| BUYING potion of attraction (36 gold).
  7780 | D:8      | Bought a potion of attraction for 36 gold pieces
  7780 | D:8      | 7780 ||| BUYING potion of curing (36 gold).
  7780 | D:8      | Bought a potion of curing for 36 gold pieces
  7780 | D:8      | 7780 ||| SHOPLISTING potion of haste (120 gold, have 22).
  7780 | D:8      | 7780 ||| SHOPLISTING potion of heal wounds (60 gold, have
                  | 22).
  7780 | D:8      | 7780 ||| SHOPLISTING potion of might (48 gold, have 22).
  7780 | D:8      | 7780 ||| SHOPLISTING potion of mutation (96 gold, have 22).
  7846 | D:8      | Found Etufecweaw's Distillery.
  7849 | D:8      | 7849 ||| SHOPLISTING 2 potions of attraction (90 gold, have
                  | 22).
  7849 | D:8      | 7849 ||| SHOPLISTING potion of curing (45 gold, have 22).
  7849 | D:8      | 7849 ||| SHOPLISTING potion of might (60 gold, have 22).
  7872 | D:8      | 7872 ||| Stepping ~*~*~tactically~*~*~ (hiding).
  8066 | D:8      | Found Huts's General Store.
  8084 | D:8      | 8084 ||| Stepping ~*~*~tactically~*~*~ (stealth).
  8086 | D:8      | 8086 ||| Stepping ~*~*~tactically~*~*~ (hiding).
  8343 | D:8      | 8343 ||| UPGRADING to +0 pair of boots.
  8411 | D:9      | 8411 ||| READING scroll of enchant armour.
  8411 | D:9      | 8411 ||| ENCHANTING +0 pair of boots.
  8497 | D:9      | 8497 ||| INVOKING Heroism.
  8513 | D:9      | Reached skill level 10 in Axes
  8620 | D:9      | Noticed a two-headed ogre
  8621 | D:9      | 8621 ||| INVOKING Heroism.
  8626 | D:9      | Killed a two-headed ogre
  8626 | D:9      | Reached ***** piety under Okawaru
  8627 | D:9      | Reached skill level 6 in Invocations
  8880 | D:9      | 8880 ||| Stepping ~*~*~tactically~*~*~ (stealth).
  8909 | D:9      | 8909 ||| INVOKING Heroism.
  8912 | D:9      | Noticed a cyclops
  8917 | D:9      | Reached XP level 11. HP: 66/68 MP: 15/18
  8922 | D:9      | Killed a cyclops
  8994 | D:9      | 8994 ||| INVOKING Heroism.
  9010 | D:9      | Found Luusam's Book Boutique.
  9021 | D:9      | 9021 ||| Stepping ~*~*~tactically~*~*~ (stealth).
  9060 | D:9      | 9060 ||| Stepping ~*~*~tactically~*~*~ (stealth).
  9065 | D:9      | 9065 ||| Stepping ~*~*~tactically~*~*~ (stealth).
  9066 | D:9      | 9066 ||| Stepping ~*~*~tactically~*~*~ (stealth).
  9231 | D:8      | 9231 ||| BUYING potion of might (44 gold).
  9231 | D:8      | Bought a potion of might for 44 gold pieces
  9231 | D:8      | 9231 ||| SHOPLISTING scroll of acquirement (572 gold, have
                  | 122).
  9231 | D:8      | 9231 ||| BUYING scroll of identify (22 gold).
  9231 | D:8      | Bought a scroll of identify for 22 gold pieces
  9231 | D:8      | 9231 ||| PLANNING LAIR
  9313 | Lair:1   | Entered Level 1 of the Lair of Beasts
  9412 | Lair:1   | 9412 ||| INVOKING Heroism.
  9440 | Lair:1   | 9440 ||| INVOKING Heroism.
  9505 | Lair:1   | 9505 ||| INVOKING Heroism.
  9625 | Lair:1   | 9625 ||| Stepping ~*~*~tactically~*~*~ (stealth).
  9632 | Lair:1   | Reached skill level 9 in Invocations
  9737 | Lair:1   | 9737 ||| INVOKING Heroism.
  9852 | Lair:1   | 9852 ||| INVOKING Heroism.
  9981 | Lair:1   | Reached skill level 11 in Axes
 10061 | Lair:2   | 10061 ||| INVOKING Heroism.
 10080 | Lair:2   | 10080 ||| Stepping ~*~*~tactically~*~*~ (stealth).
 10086 | Lair:2   | 10086 ||| INVOKING Heroism.
 10098 | Lair:2   | 10098 ||| Stepping ~*~*~tactically~*~*~ (stealth).
 10102 | Lair:2   | Reached ****** piety under Okawaru
 10102 | Lair:2   | Identified the +2 trident of Ygatral {vorpal, rC+ rN++}
                  | (Okawaru gifted it to you on level 2 of the Lair of Beasts)
 10102 | Lair:2   | Received a gift from Okawaru
 10108 | Lair:2   | Reached skill level 9 in Fighting
 10161 | Lair:2   | 10161 ||| INVOKING Heroism.
 10171 | Lair:2   | Reached XP level 12. HP: 76/76 MP: 19/21
 10289 | Lair:2   | 10289 ||| Stepping ~*~*~tactically~*~*~ (stealth).
 10290 | Lair:2   | 10290 ||| INVOKING Heroism.
 10428 | Lair:2   | 10428 ||| INVOKING Heroism.
 10521 | Lair:2   | Noticed a six-headed hydra
 10522 | Lair:2   | 10522 ||| Stepping ~*~*~tactically~*~*~ (stealth).
 10523 | Lair:2   | 10523 ||| Stepping ~*~*~tactically~*~*~ (stealth).
 10524 | Lair:2   | 10524 ||| INVOKING Heroism.
 10525 | Lair:2   | 10525 ||| SWAPPING to +2 morningstar of freezing.
 10526 | Lair:2   | 10526 ||| INVOKING Finesse.
 10527 | Lair:2   | 10527 ||| Stepping ~*~*~tactically~*~*~ (stealth).
 10532 | Lair:2   | Killed a six-headed hydra
 10533 | Lair:2   | Reached skill level 12 in Axes
 10533 | Lair:2   | 10533 ||| SWAPPING to +1 spectral war axe.
 10571 | Lair:2   | Noticed a five-headed hydra
 10573 | Lair:2   | 10573 ||| SWAPPING to +2 morningstar of freezing.
 10578 | Lair:2   | Killed a five-headed hydra
 10579 | Lair:2   | 10579 ||| SWAPPING to +1 spectral war axe.
 10789 | Lair:2   | You fall into a shaft and drop 2 floors!
 10796 | Lair:4   | 10796 ||| INVOKING Heroism.
 10802 | Lair:4   | Reached skill level 6 in Shields
 10898 | Lair:3   | Noticed a death yak
 10898 | Lair:3   | Noticed a death yak
 10899 | Lair:3   | 10899 ||| INVOKING Heroism.
 10900 | Lair:3   | 10900 ||| INVOKING Finesse.
 10904 | Lair:3   | Noticed a death yak
 10910 | Lair:3   | Killed a death yak
 10910 | Lair:3   | Killed a death yak
 10911 | Lair:3   | Reached skill level 9 in Armour
 10915 | Lair:3   | Killed a death yak
 10915 | Lair:3   | Noticed a death yak
 10925 | Lair:3   | Killed a death yak
 10925 | Lair:3   | Received a gift from Okawaru
 10954 | Lair:3   | 10954 ||| SWAPPING to +3 broad axe of flaming.
 10961 | Lair:3   | 10961 ||| DROPPING +1 spectral war axe.
 10962 | Lair:3   | 10962 ||| DROPPING +2 morningstar of freezing.
 10963 | Lair:3   | 10963 ||| READING scroll of brand weapon.
 10963 | Lair:3   | 10963 ||| BRANDING +3 broad axe of flaming.
 11245 | Lair:2   | Found a staircase to the Swamp.
 11523 | Lair:3   | 11523 ||| Stepping ~*~*~tactically~*~*~ (stealth).
 11656 | Lair:3   | 11656 ||| INVOKING Heroism.
 11667 | Lair:3   | Reached skill level 13 in Axes
 11667 | Lair:3   | Reached XP level 13. HP: 77/82 MP: 20/22
 11724 | Lair:3   | Found a staircase to the Snake Pit.
 11775 | Lair:3   | Noticed Amaemon
 11776 | Lair:3   | 11776 ||| FLEEEEING.
 11777 | Lair:3   | 11777 ||| FLEEEEING.
 11778 | Lair:3   | 11778 ||| FLEEEEING.
 11779 | Lair:3   | 11779 ||| FLEEEEING.
 11780 | Lair:3   | 11780 ||| INVOKING Heroism.
 11796 | Lair:3   | Killed Amaemon
 11993 | Lair:3   | 11993 ||| Stepping ~*~*~tactically~*~*~ (stealth).
 11994 | Lair:3   | 11994 ||| Stepping ~*~*~tactically~*~*~ (stealth).
 11995 | Lair:3   | 11995 ||| INVOKING Heroism.
 12454 | Lair:4   | 12454 ||| INVOKING Heroism.
 12502 | Lair:4   | 12502 ||| Stepping ~*~*~tactically~*~*~ (stealth).
 12505 | Lair:4   | 12505 ||| INVOKING Heroism.
 12506 | Lair:4   | 12506 ||| INVOKING Finesse.
 12530 | Lair:4   | Received a gift from Okawaru
 12531 | Lair:4   | Reached skill level 14 in Axes
 12712 | Lair:4   | 12712 ||| INVOKING Heroism.
 12713 | Lair:4   | 12713 ||| INVOKING Finesse.
 12725 | Lair:4   | Identified the +9 war axe "Vadatzaki" {venom, Str+4}
                  | (Okawaru gifted it to you on level 4 of the Lair of Beasts)
 12725 | Lair:4   | Received a gift from Okawaru
 12754 | Lair:4   | 12754 ||| DROPPING +9 war axe "Vadatzaki" {venom, Str+4}.
 12813 | Lair:4   | 12813 ||| INVOKING Heroism.
 12970 | Lair:4   | 12970 ||| Stepping ~*~*~tactically~*~*~ (stealth).
 12986 | Lair:4   | 12986 ||| Stepping ~*~*~tactically~*~*~ (stealth).
 12987 | Lair:4   | 12987 ||| Stepping ~*~*~tactically~*~*~ (stealth).
 12997 | Lair:4   | 12997 ||| Stepping ~*~*~tactically~*~*~ (stealth).
 12999 | Lair:4   | 12999 ||| Stepping ~*~*~tactically~*~*~ (stealth).
 13052 | Lair:4   | Found a staircase to the Slime Pits.
 13129 | Lair:4   | 13129 ||| READING 4 scrolls of identify.
 13129 | Lair:4   | 13129 ||| IDENTIFYING silvery potion
 13130 | Lair:4   | 13130 ||| DROPPING potion of ambrosia.
 13155 | Lair:5   | Entered Level 5 of the Lair of Beasts
 13156 | Lair:5   | 13156 ||| INVOKING Heroism.
 13157 | Lair:5   | 13157 ||| INVOKING Finesse.
 13206 | Lair:5   | 13206 ||| SWAPPING to -2 demon whip of venom.
 13214 | Lair:5   | 13214 ||| SWAPPING to +3 broad axe of draining.
 13240 | Lair:5   | 13240 ||| INVOKING Heroism.
 13243 | Lair:5   | 13243 ||| Stepping ~*~*~tactically~*~*~ (stealth).
 13418 | Lair:5   | 13418 ||| Stepping ~*~*~tactically~*~*~ (stealth).
 13423 | Lair:5   | 13423 ||| Stepping ~*~*~tactically~*~*~ (stealth).
 13440 | Lair:5   | 13440 ||| INVOKING Heroism.
 13461 | Lair:5   | 13461 ||| INVOKING Finesse.
 13467 | Lair:5   | 13467 ||| INVOKING Heroism.
 13473 | Lair:5   | Received a gift from Okawaru
 13474 | Lair:5   | Reached skill level 3 in Dodging
 13529 | Lair:5   | 13529 ||| Stepping ~*~*~tactically~*~*~ (stealth).
 13531 | Lair:5   | 13531 ||| INVOKING Heroism.
 13548 | Lair:5   | 13548 ||| Stepping ~*~*~tactically~*~*~ (stealth).
 13549 | Lair:5   | 13549 ||| Stepping ~*~*~tactically~*~*~ (stealth).
 13555 | Lair:5   | 13555 ||| Stepping ~*~*~tactically~*~*~ (stealth).
 13574 | Lair:5   | 13574 ||| INVOKING Finesse.
 13603 | Lair:5   | 13603 ||| Stepping ~*~*~tactically~*~*~ (stealth).
 13668 | Lair:5   | 13668 ||| Stepping ~*~*~tactically~*~*~ (stealth).
 13672 | Lair:5   | Gained mutation: Your large and strong wings let you fly.
                  | [Gargoyle growth]
 13672 | Lair:5   | Reached XP level 14. HP: 90/90 MP: 23/23
 13684 | Lair:5   | 13684 ||| Stepping ~*~*~tactically~*~*~ (stealth).
 13699 | Lair:5   | 13699 ||| Stepping ~*~*~tactically~*~*~ (stealth).
 13710 | Lair:5   | 13710 ||| Stepping ~*~*~tactically~*~*~ (stealth).
 13726 | Lair:5   | 13726 ||| READING scroll of brand weapon.
 13726 | Lair:5   | 13726 ||| BRANDING +3 broad axe of draining.
 13736 | Lair:5   | 13736 ||| INVOKING Heroism.
 13893 | Lair:5   | 13893 ||| Stepping ~*~*~tactically~*~*~ (stealth).
 13896 | Lair:5   | 13896 ||| INVOKING Heroism.
 13897 | Lair:5   | 13897 ||| Stepping ~*~*~tactically~*~*~ (stealth).
 13902 | Lair:5   | 13902 ||| Stepping ~*~*~tactically~*~*~ (stealth).
 13903 | Lair:5   | 13903 ||| Stepping ~*~*~tactically~*~*~ (stealth).
 13909 | Lair:5   | Reached skill level 15 in Axes
 13924 | Lair:5   | Identified the +1 chain mail of Caoraimo {-Cast rC+++ rN++
                  | MP-9}
 13952 | Lair:5   | 13952 ||| Stepping ~*~*~tactically~*~*~ (stealth).
 13954 | Lair:5   | 13954 ||| Stepping ~*~*~tactically~*~*~ (stealth).
 14434 | Lair:5   | 14434 ||| PLANNING D:1-11
 14434 | Lair:5   | 14434 ||| UPGRADING to +1 chain mail of Caoraimo {-Cast
                  | rC+++ rN++ MP-9}.
 14444 | Lair:5   | 14444 ||| DROPPING ring of flight.
 14445 | Lair:5   | 14445 ||| UPGRADING to +4 ring of protection.
 14447 | Lair:5   | 14447 ||| DROPPING ring of willpower.
 14448 | Lair:5   | 14448 ||| READING scroll labelled USTINI WEF TIUDU.
 14622 | D:10     | Entered Level 10 of the Dungeon
 14672 | D:10     | Identified the +6 falchion "Vapev" {vamp, rCorr}
 14679 | D:10     | 14679 ||| Stepping ~*~*~tactically~*~*~ (stealth).
 14682 | D:10     | 14682 ||| INVOKING Heroism.
 14744 | D:10     | Noticed Grum
 14745 | D:10     | 14745 ||| Stepping ~*~*~tactically~*~*~ (hiding).
 14750 | D:10     | 14750 ||| INVOKING Heroism.
 14751 | D:10     | 14751 ||| Stepping ~*~*~tactically~*~*~ (stealth).
 14752 | D:10     | 14752 ||| INVOKING Finesse.
 14756 | D:10     | Noticed Harold
 14760 | D:10     | Killed Grum
 14766 | D:10     | Killed Harold
 14901 | D:10     | Noticed Fannar
 14903 | D:10     | 14903 ||| INVOKING Heroism.
 14916 | D:10     | Killed Fannar
 14917 | D:10     | Reached skill level 12 in Fighting
 15573 | D:11     | 15573 ||| INVOKING Heroism.
 15575 | D:11     | Received a gift from Okawaru
 15686 | D:11     | Noticed Nergalle
 15691 | D:11     | Killed Nergalle
 15713 | D:11     | 15713 ||| INVOKING Heroism.
 15763 | D:11     | 15763 ||| READING scroll of teleportation.
 15766 | D:11     | Identified the +1 ring mail of the Manifold Scars {+Blink
                  | rElec}
 15934 | D:11     | Found a staircase to the Orcish Mines.
 15935 | D:11     | 15935 ||| Stepping ~*~*~tactically~*~*~ (hiding).
 15940 | D:11     | 15940 ||| Stepping ~*~*~tactically~*~*~ (hiding).
 15944 | D:11     | 15944 ||| INVOKING Heroism.
 15958 | D:11     | 15958 ||| Stepping ~*~*~tactically~*~*~ (hiding).
 15963 | D:11     | 15963 ||| Stepping ~*~*~tactically~*~*~ (stealth).
 15999 | D:11     | 15999 ||| FLEEEEING.
 16063 | D:11     | 16063 ||| INVOKING Heroism.
 16421 | D:11     | 16421 ||| INVOKING Heroism.
 16422 | D:11     | 16422 ||| SWAPPING to -2 demon whip of venom.
 16423 | D:11     | 16423 ||| INVOKING Finesse.
 16434 | D:11     | 16434 ||| SWAPPING to +3 spectral broad axe.
 16542 | D:11     | Noticed Sonja
 16544 | D:11     | 16544 ||| INVOKING Finesse.
 16552 | Abyss:1  | Cast into level 1 of the Abyss (Sonja)
 16553 | Abyss:1  | 16553 ||| DROPPING +0 plate armour.
 16554 | Abyss:1  | 16554 ||| UPGRADING to +2 plate armour of fire resistance.
 16659 | Abyss:1  | Noticed a tentacled starspawn
 16661 | Abyss:1  | 16661 ||| INVOKING Heroism.
 16671 | Abyss:1  | Killed a tentacled starspawn
 16671 | Abyss:1  | Identified the +0 scale mail of the Grinning Gods {rN+
                  | Slay+3} (Okawaru gifted it to you on level 1 of the Abyss)
 16671 | Abyss:1  | Received a gift from Okawaru
 16696 | Abyss:1  | 16696 ||| Stepping ~*~*~tactically~*~*~ (stealth).
 16728 | Abyss:1  | 16728 ||| Stepping ~*~*~tactically~*~*~ (stealth).
 16730 | Abyss:1  | 16730 ||| Stepping ~*~*~tactically~*~*~ (stealth).
 16752 | Abyss:1  | 16752 ||| Stepping ~*~*~tactically~*~*~ (stealth).
 16796 | Abyss:1  | 16796 ||| Stepping ~*~*~tactically~*~*~ (stealth).
 16797 | Abyss:1  | 16797 ||| Stepping ~*~*~tactically~*~*~ (stealth).
 16798 | Abyss:1  | 16798 ||| Stepping ~*~*~tactically~*~*~ (stealth).
 16799 | Abyss:1  | 16799 ||| Stepping ~*~*~tactically~*~*~ (stealth).
 16802 | Abyss:1  | 16802 ||| Stepping ~*~*~tactically~*~*~ (stealth).
 16860 | Abyss:1  | 16860 ||| Stepping ~*~*~tactically~*~*~ (stealth).
 16938 | Abyss:1  | 16938 ||| Stepping ~*~*~tactically~*~*~ (stealth).
 16940 | Abyss:1  | 16940 ||| Stepping ~*~*~tactically~*~*~ (stealth).
 16944 | Abyss:1  | 16944 ||| INVOKING Heroism.
 16949 | Abyss:1  | 16949 ||| Stepping ~*~*~tactically~*~*~ (stealth).
 16955 | Abyss:1  | 16955 ||| Stepping ~*~*~tactically~*~*~ (stealth).
 16956 | Abyss:1  | 16956 ||| Stepping ~*~*~tactically~*~*~ (stealth).
 16957 | Abyss:1  | 16957 ||| Stepping ~*~*~tactically~*~*~ (stealth).
 16969 | Abyss:1  | 16969 ||| Stepping ~*~*~tactically~*~*~ (stealth).
 16997 | Abyss:1  | 16997 ||| Stepping ~*~*~tactically~*~*~ (stealth).
 16998 | Abyss:1  | 16998 ||| Stepping ~*~*~tactically~*~*~ (stealth).
 17000 | Abyss:1  | 17000 ||| Stepping ~*~*~tactically~*~*~ (stealth).
 17021 | Abyss:1  | 17021 ||| DRINKING 7 potions of curing.
 17021 | Abyss:1  | 17021 ||| (to cure confusion)
 17023 | Abyss:1  | 17023 ||| DRINKING 6 potions of curing.
 17023 | Abyss:1  | 17023 ||| (to cure confusion)
 17032 | Abyss:1  | 17032 ||| DRINKING 5 potions of curing.
 17032 | Abyss:1  | 17032 ||| (to cure confusion)
 17033 | Abyss:1  | 17033 ||| DRINKING 4 potions of curing.
 17033 | Abyss:1  | 17033 ||| (to cure confusion)
 17036 | Abyss:1  | 17036 ||| DRINKING 3 potions of curing.
 17036 | Abyss:1  | 17036 ||| (to cure confusion)
 17037 | Abyss:1  | 17037 ||| DRINKING 2 potions of curing.
 17037 | Abyss:1  | 17037 ||| (to cure confusion)
 17066 | Abyss:1  | 17066 ||| Stepping ~*~*~tactically~*~*~ (stealth).
 17151 | Abyss:1  | 17151 ||| Stepping ~*~*~tactically~*~*~ (stealth).
 17165 | Abyss:1  | 17165 ||| Stepping ~*~*~tactically~*~*~ (stealth).
 17181 | Abyss:1  | 17181 ||| INVOKING Heroism.
 17197 | Abyss:1  | 17197 ||| Stepping ~*~*~tactically~*~*~ (stealth).
 17219 | Abyss:1  | 17219 ||| DRINKING potion of curing.
 17219 | Abyss:1  | 17219 ||| (to cure confusion)
 17254 | Abyss:1  | Noticed a daeva
 17265 | Abyss:1  | 17265 ||| INVOKING Heroism.
 17272 | Abyss:1  | Killed a daeva
 17274 | Abyss:1  | 17274 ||| Stepping ~*~*~tactically~*~*~ (stealth).
 17275 | Abyss:1  | 17275 ||| Stepping ~*~*~tactically~*~*~ (stealth).
 17276 | Abyss:1  | 17276 ||| Stepping ~*~*~tactically~*~*~ (stealth).
 17360 | Abyss:1  | 17360 ||| Stepping ~*~*~tactically~*~*~ (stealth).
 17362 | Abyss:1  | 17362 ||| Stepping ~*~*~tactically~*~*~ (stealth).
 17392 | Abyss:1  | 17392 ||| Stepping ~*~*~tactically~*~*~ (hiding).
 17393 | Abyss:1  | 17393 ||| Stepping ~*~*~tactically~*~*~ (hiding).
 17394 | Abyss:1  | 17394 ||| Stepping ~*~*~tactically~*~*~ (hiding).
 17399 | Abyss:1  | 17399 ||| INVOKING Heroism.
 17406 | D:11     | Escaped the Abyss
 17415 | D:11     | HP: 4/92 [Sonja/+1 dagger of distortion (21)]
 17416 | D:11     | 17416 ||| DRINKING 3 potions of heal wounds.
 17435 | D:11     | HP: 13/92 [Sonja/+1 dagger of distortion (17)]
 17436 | D:11     | 17436 ||| DRINKING 2 potions of heal wounds.
 17445 | D:11     | 17445 ||| INVOKING Finesse.
 17446 | D:11     | Killed Sonja
 17856 | D:11     | 17856 ||| PLANNING D
 17887 | D:12     | 17887 ||| INVOKING Heroism.
 17914 | D:12     | 17914 ||| INVOKING Heroism.
 18012 | D:12     | Noticed Rupert
 18013 | D:12     | 18013 ||| INVOKING Heroism.
 18014 | D:12     | 18014 ||| INVOKING Finesse.
 18028 | D:12     | Killed Rupert
 18191 | D:12     | Reached skill level 16 in Axes
 18238 | D:12     | 18238 ||| Stepping ~*~*~tactically~*~*~ (hiding).
 18495 | D:12     | 18495 ||| Stepping ~*~*~tactically~*~*~ (hiding).
 18550 | D:12     | 18550 ||| INVOKING Heroism.
 18551 | D:12     | 18551 ||| INVOKING Finesse.
 18608 | D:12     | 18608 ||| INVOKING Heroism.
 18609 | D:12     | 18609 ||| SWAPPING to -2 demon whip of venom.
 18610 | D:12     | 18610 ||| INVOKING Finesse.
 18620 | D:12     | 18620 ||| SWAPPING to +3 spectral broad axe.
 18819 | D:12     | 18819 ||| Stepping ~*~*~tactically~*~*~ (stealth).
 18825 | D:12     | Reached XP level 15. HP: 96/96 MP: 24/24
 18977 | D:12     | 18977 ||| UPGRADING to +0 kite shield.
 18987 | D:12     | 18987 ||| DROPPING +0 buckler.
 18988 | D:12     | 18988 ||| UPGRADING to +2 hat.
 19024 | D:13     | Noticed Jorgrun
 19025 | D:13     | 19025 ||| INVOKING Heroism.
 19026 | D:13     | 19026 ||| INVOKING Finesse.
 19035 | D:13     | Killed Jorgrun
 19217 | D:13     | Found Woalanar's Jewellery Shop.
 19227 | D:13     | 19227 ||| BUYING amulet of reflection (420 gold).
 19227 | D:13     | Bought an amulet of reflection for 420 gold pieces
 19227 | D:13     | 19227 ||| BUYING ring of fire (350 gold).
 19227 | D:13     | Bought a ring of fire for 350 gold pieces
 19227 | D:13     | 19227 ||| SHOPLISTING ring of protection from cold (350
                  | gold, have 3).
 19227 | D:13     | 19227 ||| SHOPLISTING ring of resist corrosion (280 gold,
                  | have 3).
 19231 | D:13     | 19231 ||| INVOKING Heroism.
 19244 | D:13     | Reached skill level 9 in Shields
 19319 | D:13     | 19319 ||| INVOKING Heroism.
 19363 | D:13     | Found Situkagi's Book Boutique.
 19378 | D:13     | 19378 ||| Stepping ~*~*~tactically~*~*~ (hiding).
 19383 | D:13     | 19383 ||| INVOKING Heroism.
 19384 | D:13     | 19384 ||| Stepping ~*~*~tactically~*~*~ (hiding).
 19459 | D:13     | 19459 ||| INVOKING Heroism.
 19469 | D:13     | Found a gate to the Vaults.
 19700 | D:13     | 19700 ||| READING scroll of enchant armour.
 19700 | D:13     | 19700 ||| ENCHANTING +2 plate armour of fire resistance.
 19717 | D:13     | 19717 ||| Stepping ~*~*~tactically~*~*~ (stealth).
 19764 | D:13     | 19764 ||| Stepping ~*~*~tactically~*~*~ (hiding).
 19802 | D:13     | 19802 ||| Stepping ~*~*~tactically~*~*~ (hiding).
 19803 | D:13     | 19803 ||| Stepping ~*~*~tactically~*~*~ (stealth).
 19804 | D:13     | 19804 ||| Stepping ~*~*~tactically~*~*~ (hiding).
 19807 | D:13     | 19807 ||| INVOKING Heroism.
 19831 | D:13     | Received a gift from Okawaru
 19847 | D:13     | Reached skill level 12 in Shields
 20017 | D:13     | Found Genivve Zirr's Armour Boutique.
 20248 | D:13     | 20248 ||| UPGRADING to amulet of reflection.
 20258 | D:13     | 20258 ||| DROPPING amulet of the acrobat.
 20259 | D:13     | 20259 ||| DROPPING amulet of faith.
 20431 | D:14     | Received a gift from Okawaru
 20521 | D:14     | 20521 ||| Stepping ~*~*~tactically~*~*~ (hiding).
 20530 | D:14     | 20530 ||| Stepping ~*~*~tactically~*~*~ (hiding).
 20558 | D:14     | 20558 ||| Stepping ~*~*~tactically~*~*~ (stealth).
 20560 | D:14     | 20560 ||| INVOKING Heroism.
 20690 | D:14     | 20690 ||| Stepping ~*~*~tactically~*~*~ (stealth).
 20691 | D:14     | 20691 ||| Stepping ~*~*~tactically~*~*~ (stealth).
 20695 | D:14     | 20695 ||| INVOKING Heroism.
 20711 | D:14     | 20711 ||| Stepping ~*~*~tactically~*~*~ (stealth).
 20712 | D:14     | 20712 ||| Stepping ~*~*~tactically~*~*~ (stealth).
 20714 | D:14     | 20714 ||| Stepping ~*~*~tactically~*~*~ (stealth).
 20715 | D:14     | 20715 ||| Stepping ~*~*~tactically~*~*~ (stealth).
 20725 | D:14     | 20725 ||| Stepping ~*~*~tactically~*~*~ (stealth).
 20768 | D:14     | 20768 ||| INVOKING Heroism.
 20769 | D:14     | 20769 ||| INVOKING Finesse.
 20772 | D:14     | 20772 ||| SWAPPING to -2 demon whip of venom.
 20776 | D:14     | Received a gift from Okawaru
 20777 | D:14     | 20777 ||| SWAPPING to +3 spectral broad axe.
 20865 | D:14     | 20865 ||| INVOKING Heroism.
 20866 | D:14     | 20866 ||| SWAPPING to -2 demon whip of venom.
 20867 | D:14     | 20867 ||| INVOKING Finesse.
 20872 | D:14     | 20872 ||| Stepping ~*~*~tactically~*~*~ (stealth).
 20873 | D:14     | 20873 ||| Stepping ~*~*~tactically~*~*~ (stealth).
 20874 | D:14     | 20874 ||| Stepping ~*~*~tactically~*~*~ (stealth).
 20875 | D:14     | 20875 ||| SWAPPING to +3 spectral broad axe.
 20876 | D:14     | Noticed a fire giant
 20894 | D:14     | Killed a fire giant
 20895 | D:14     | Reached skill level 6 in Throwing
 20895 | D:14     | 20895 ||| READING scroll labelled WAR MADIXZIN.
 20896 | D:14     | HP: 20/96 [mirror damage (17)]
 20897 | D:14     | 20897 ||| READING 4 scrolls of teleportation.
 20897 | D:14     | Mangled by a death knight

Levels and vault maps discovered:
D:1:      spicycebolla_arrival_transporter_tutorial, layout_basic
D:2:      layout_basic, fountainhead
D:3:      kennysheep_six_static_rooms, layout_rooms,
          cheibrodos_sewer_entry_bend, serial_shops,
          nicolae_shop_advertising_works [nicolae_subvault_shop_adworks]
D:4:      dreamdust_elfheim, layout_basic, mainiacjoe_overflow_boulevard,
          grunt_decor_mini_mirrors, minivault_26
D:5:      layout_gridville
D:6:      layout_loops_ring, minmay_temple_entry_ruins, enter_ossuary_5,
          minmay_misc_feat_rows, nicolae_specific_store
D:7:      layout_basic, grunt_temple_overflow_open, uniq_duvessa, uniq_pikel
D:8:      layout_basic, lair_entry_dummy, serial_shops, shop,
          nicolae_shop_trees, nicolae_inconvenience_store,
          nicolae_take_the_stairs, nicolae_shop_behind_doors, st_stairs_13
D:9:      layout_basic, serial_shops, shop_statue, lightli_fourway_metalbox
D:10:     layout_grid_maze, uniq_fannar, uniq_harold, uniq_grum
D:11:     layout_basic, david_orc_5, serial_co_window_serial,
          co_window_of_opportunity_a, co_window_corner_a, co_window_corner_a,
          co_window_paths_a, co_window_of_opportunity_a, co_window_paths_a,
          co_window_paths_c, co_window_paths_c, co_window_corner_b,
          co_window_unsneaky_path_e, co_window_broadway_b, glass_columns_c,
          uniq_nergalle, uniq_sonja
D:12:     layout_roguey, portal_ice_cave_entry_pillars_1, uniq_rupert
D:13:     layout_gridville, lightli_vaults_fourway_checkpoint, serial_demonic,
          serial_demonic_e, serial_demonic_f, serial_demonic_f,
          serial_demonic_e, serial_shops, shop, shop, shop, uniq_jorgrun
D:14:     nzn_winding_woodlands_cross [nzn_winding_woodlands_5x15_default,
          nzn_winding_woodlands_5x15_garden, nzn_winding_woodlands_5x15_twine,
          nzn_winding_woodlands_5x15_lazy_stream,
          nzn_winding_woodlands_15x15_thick_spiral], layout_irregular_city,
          hangedman_decor_opposing
Lair:1:   layout_hall_layers, chequers_serial_rivers_micro_e,
          grunt_megastairs_1, lemuel_fruit_fields
Lair:2:   layout_concentric_octagons, palyth_hydra_swamp_entry,
          lemuel_fruit_fields
Lair:3:   layout_hall_layers, minmay_snake_entry_six_corridors,
          lemuel_fruit_tree, uniq_amaemon
Lair:4:   layout_regular_city, nicolae_slime_entry_slimehenge
Lair:5:   minmay_lair_end_enchanted_forest, layout_regular_city,
          serial_bayou_shore_a, grunt_megastairs_2, serial_bayou_shore_b

Skill      XL: |  1  2  3  4  5  6  7  8  9 10 11 12 13 14 15 |
---------------+----------------------------------------------+-----
Axes           | 2 3 4 5 6 7 9 10 11 13 14 16 | 16.2
Throwing       | 1 2 3 4 5 6 |  6.1
Dodging        | 1 2 3 |  3.0
Fighting       | 4 5 7 8 9 10 11 12 | 12.0
Armour         | 4 7 9 10 11 | 11.0
Invocations    | 2 4 7 10 | 10.1
Shields        | 4 5 6 7 8 13 | 13.0

Action                   |  1- 3 |  4- 6 |  7- 9 | 10-12 | 13-15 || total
-------------------------+-------+-------+-------+-------+-------++-------
Melee: War axe           |    96 |    71 |   104 |   208 |       ||   479
       Broad axe         |       |       |       |    56 |   662 ||   718
       Morningstar       |       |       |       |    10 |       ||    10
       Demon whip        |       |       |       |       |    29 ||    29
Throw: Javelin           |     6 |    41 |    38 |    54 |    78 ||   217
       Boomerang         |       |     4 |     3 |    44 |    34 ||    85
Invok: Heroism           |       |       |    12 |    20 |    41 ||    73
       Finesse           |       |       |       |     2 |    15 ||    17
  Use: Scroll            |     3 |     8 |     8 |     3 |     7 ||    29
       Potion            |       |     2 |     3 |     2 |     9 ||    16
 Stab: Distracted        |       |       |       |     1 |     5 ||     6
Armor: Scale mail        |    51 |    36 |       |       |       ||    87
       Plate armour      |       |     6 |    64 |    92 |   270 ||   432
       Chain mail        |       |       |       |       |    22 ||    22
Dodge: Dodged            |    39 |    26 |    44 |    59 |   211 ||   379
Block: Buckler           |    19 |    17 |    17 |    43 |    93 ||   189
       Kite shield       |       |       |       |       |    93 ||    93
       Reflection        |       |       |       |       |     4 ||     4
       Rpst.: War axe    |       |     6 |    17 |    20 |       ||    43
       Broad axe         |       |       |       |     7 |   101 ||   108
       Morningstar       |       |       |       |     1 |       ||     1
       Demon whip        |       |       |       |       |     4 ||     4

Table legend:
 A = Non-vault XP
 B = Vault XP
 C = Vault XP percentage of total XP
 D = Non-vault monster count
 E = Vault monster count
 F = Vault count percentage of total count
                 A         B        C        D         E       F
            +---------+---------+-------+---------+---------+-------
      Total |   76783 |   44246 |  36.6 |     417 |     168 |  28.7
            +---------+---------+-------+---------+---------+-------
        D:1 |      23 |       0 |   0.0 |      18 |       0 |   0.0
        D:2 |      34 |       0 |   0.0 |      18 |       0 |   0.0
        D:3 |     151 |      52 |  25.6 |      19 |       7 |  26.9
        D:4 |     216 |       0 |   0.0 |      20 |       0 |   0.0
        D:5 |     621 |       0 |   0.0 |      10 |       0 |   0.0
        D:6 |     969 |       0 |   0.0 |      21 |       0 |   0.0
        D:7 |    1555 |     815 |  34.4 |      28 |       3 |   9.7
        D:8 |     919 |     127 |  12.1 |      17 |       1 |   5.6
        D:9 |    3757 |    1045 |  21.8 |      41 |       4 |   8.9
       D:10 |    2296 |    2397 |  51.1 |      12 |       7 |  36.8
       D:11 |    2109 |    2194 |  51.0 |      16 |      23 |  59.0
       D:12 |    5977 |    1879 |  23.9 |      22 |       1 |   4.3
       D:13 |    8035 |   13002 |  61.8 |      26 |      24 |  48.0
       D:14 |    9690 |    3764 |  28.0 |      17 |       4 |  19.0
     Lair:1 |    2764 |     810 |  22.7 |      13 |       3 |  18.8
     Lair:2 |    7066 |    2067 |  22.6 |      27 |       4 |  12.9
     Lair:3 |    5559 |    4747 |  46.1 |      15 |      15 |  50.0
     Lair:4 |    6870 |     132 |   1.9 |      16 |       6 |  27.3
     Lair:5 |    8503 |   10636 |  55.6 |      30 |      52 |  63.4
    Abyss:1 |    9669 |       0 |   0.0 |      31 |       0 |   0.0
    Ossuary |       0 |     579 | 100.0 |       0 |      14 | 100.0
            +---------+---------+-------+---------+---------+-------
